AoeStats
← Blyad _Mann

Arena

508710367Analyzed
4v4 RM · 8d ago on Sep 23, 2026· 60m 28s· 8 players
Game mode
Random Map
Map size
Large (8 player)
Population
200
Speed
Normal
Resources
Standard
Victory
Conquest
Starting age
Dark Age
Ending age
Imperial Age
RankedLock teamsTeams togetherTeam positionsShared explorationLock speedFull tech treeHidden civsTurbo modeCheats
Victory
Defeat
🇳🇱 Danes · Netherlands
945
+15
🇧🇪 Italians · Belgium
943
+15
🇩🇰 Turks · Denmark
932
+16
🇩🇰 Bengalis · Denmark
930
+16
🇪🇸 Ethiopians · Spain
966
-17
🇬🇧 Inca · United Kingdom
956
-17
🇫🇮 Varangians · Finland
896
-14
🇦🇷 Goths · Argentina
886
-14
Donp4ppa
11:02 Feudal Age
12:50 Double-Bit Axe
13:19 Horse Collar
18:09 Castle Age
16:51 Stone Mining
17:18 Gold Mining
17:36 Loom
20:01 Bow Saw
21:32 Fervor
21:49 Heavy Plow
22:58 Wheelbarrow
25:18 Gold Shaft Mining
25:27 Hand Cart
24:58 Town Watch
26:30 Town Patrol
27:23 Fletching
28:36 Fortified Wall
31:42 Imperial Age
30:36 Forging
30:31 Scale Barding Armor
30:51 Caravan
31:31 Husbandry
31:42 Bloodlines
33:36 Two-Man Saw
34:02 Conscription
33:44 Treadmill Crane
34:25 Bombard Tower
34:25 Ballistics
33:50 Treadmill Crane
34:30 Bombard Tower
34:15 Elite Janissary
35:44 Hoardings
35:51 Scale Mail Armor
36:14 Chain Barding Armor
37:33 Padded Archer Armor
40:33 Artillery
42:53 Bodkin Arrow
43:15 Leather Archer Armor
43:36 Plate Barding Armor
43:36 Iron Casting
49:01 Blast Furnace
48:33 Ring Archer Armor
60:48 Murder Holes
61:03 Masonry
60:40 Arrowslits
The Priest1783
11:23 Feudal Age
15:33 Castle Age
15:05 Double-Bit Axe
17:45 Town Watch
17:46 Loom
19:49 Wheelbarrow
22:00 Fletching
23:01 Bow Saw
24:30 Horse Collar
25:08 Gold Mining
26:35 Fortified Wall
30:12 Ballistics
30:48 Bodkin Arrow
35:49 Imperial Age
33:34 Masonry
34:00 Hand Cart
34:29 Heavy Plow
37:03 Paiks
37:20 Conscription
36:34 Elite Elephant Archer
38:38 Onager
41:12 Bracer
41:12 Padded Archer Armor
42:12 Husbandry
42:22 Bloodlines
43:21 Leather Archer Armor
45:52 Mahayana
47:43 Siege Engineers
48:39 Chemistry
50:10 Murder Holes
51:57 Architecture
Moglash
2:34 Loom
11:53 Feudal Age
12:50 Double-Bit Axe
17:19 Castle Age
16:30 Stone Mining
20:53 Gold Mining
20:45 Horse Collar
25:53 Wheelbarrow
27:58 Ballistics
28:05 Ballistics
30:41 Imperial Age
28:20 Fletching
29:34 Hand Cart
32:24 Chemistry
30:50 Elite Genoese Crossbowman
32:02 Conscription
32:11 Padded Archer Armor
33:17 Bodkin Arrow
33:33 Heavy Plow
34:04 Fortified Wall
40:27 Leather Archer Armor
40:16 Bracer
41:59 Scale Mail Armor
42:09 Forging
45:23 Iron Casting
45:04 Chain Mail Armor
47:31 Plate Mail Armor
46:36 Elite Skirmisher
48:46 Ring Archer Armor
Blyad _Mann
0:27 Loom
12:31 Feudal Age
13:02 Double-Bit Axe
12:59 Horse Collar
13:22 Stone Mining
13:25 Gold Mining
20:09 Castle Age
18:03 Stone Mining
18:07 Arson
21:05 Bow Saw
22:20 Wheelbarrow
22:40 Gold Shaft Mining
22:18 Heavy Plow
23:17 Scale Mail Armor
23:27 Forging
23:44 Squires
25:17 Fletching
25:53 Squires
28:10 Iron Casting
27:50 Chain Mail Armor
31:35 Imperial Age
29:46 Chain Mail Armor
29:30 Arson
31:22 Hand Cart
31:06 Hamask
32:42 Conscription
32:29 Elite Varangian Guard
38:35 Blast Furnace
38:05 Plate Mail Armor
38:40 Gambesons
49:51 Northmen's Fury
50:08 Onager
59:22 Siege Engineers
59:23 Elite Jomsviking
hattivatti266
10:51 Feudal Age
14:57 Castle Age
13:01 Double-Bit Axe
16:14 Bow Saw
16:12 Horse Collar
18:04 Heavy Plow
19:46 Wheelbarrow
20:01 Stone Mining
21:26 Gold Mining
25:17 Hand Cart
25:25 Scale Mail Armor
27:04 Loom
31:45 Imperial Age
29:36 Scale Barding Armor
30:15 Bloodlines
31:04 Stone Shaft Mining
30:43 Vendel Legacy
32:18 Chain Barding Armor
32:47 Elite Jarl
33:24 Gothikon
35:47 Onager
36:17 Elite Varangian Guard
37:24 Forging
37:16 Padded Archer Armor
38:19 Chain Mail Armor
39:46 Pikeman
39:46 Man-at-Arms
40:40 Cavalier
41:58 Iron Casting
43:34 Light Cavalry
47:25 Elite Skirmisher
49:31 Fortified Wall
49:57 Plate Mail Armor
49:43 Leather Archer Armor
50:56 Two-Man Saw
55:25 Blast Furnace
54:58 Ring Archer Armor
54:21 Fletching
54:28 Hussar
56:24 Plate Barding Armor
57:39 Blast Furnace
Nasa
15:34 Feudal Age
19:41 Castle Age
17:43 Horse Collar
17:52 Double-Bit Axe
20:36 Heavy Plow
20:48 Bow Saw
27:44 Wheelbarrow
28:54 Gold Mining
29:32 Anarchy
32:22 Imperial Age
32:21 Forging
32:17 Scale Barding Armor
32:14 Scale Mail Armor
32:28 Forging
33:24 Conscription
33:05 Perfusion
33:29 Conscription
33:15 Squires
35:56 Chain Mail Armor
36:16 Iron Casting
39:21 Elite Huskarl
41:51 Hand Cart
42:15 Crop Rotation
46:30 Two-Man Saw
46:37 Blast Furnace
Geroncio Sofronio
10:41 Feudal Age
14:36 Castle Age
12:57 Horse Collar
13:05 Double-Bit Axe
16:16 Bow Saw
16:03 Loom
17:03 Wheelbarrow
20:08 Loom
21:25 Hand Cart
22:59 Town Watch
24:19 Gold Mining
24:20 Stone Mining
25:47 Fletching
25:57 Padded Archer Armor
27:02 Bodkin Arrow
30:42 Imperial Age
32:34 Chemistry
31:54 Ballistics
31:41 Siege Engineers
31:53 Onager
33:00 Thumb Ring
32:15 Crossbowman
33:59 Conscription
35:04 Arbalester
40:35 Torsion Engines
43:47 Heavy Scorpion
45:28 Gold Shaft Mining
45:47 Bracer
47:04 Fortified Wall
47:07 Masonry
Horahlooks
11:50 Feudal Age
15:47 Castle Age
13:31 Horse Collar
13:59 Double-Bit Axe
14:23 Champi Runner
15:39 Scale Mail Armor
16:30 Forging
16:55 Champi Warrior
18:07 Squires
21:08 Chain Mail Armor
22:37 Wheelbarrow
21:47 Loom
21:48 Town Watch
21:55 Loom
22:47 Wheelbarrow
22:26 Bow Saw
24:08 Iron Casting
24:37 Gold Mining
30:33 Hand Cart
33:20 Elite Skirmisher
34:05 Thumb Ring
33:53 Fletching
34:04 Padded Archer Armor
34:13 Heavy Plow
34:51 Gold Shaft Mining
34:11 Stone Mining
35:18 Ballistics
35:06 Bodkin Arrow
36:14 Leather Archer Armor
40:03 Imperial Age
39:44 Andean Sling
41:16 Ring Archer Armor
41:31 Bracer
42:02 Plate Mail Armor
41:23 Capped Ram
42:40 Conscription
43:41 Chemistry
52:35 Treadmill Crane
55:08 Crop Rotation
54:47 Fabric Shields
Connection lost

Rejoining the realm…

Still unreachable

The connection could not be restored.

Session expired

The server has moved on; the page needs a fresh start.